 Dungeon Crawl Stone Soup version 0.20-a0-893-g832831a (console) character file.

1176 nht the Carver (level 8, -1/85 HPs)
             Began as a Vampire Berserker on Mar 16, 2017.
             Was a Priest of Trog.
             Slain by a gnoll sergeant
             ... wielding a +3 trident of freezing
              (2 damage)
             ... on level 5 of the Dungeon.
             The game lasted 00:06:04 (3187 turns).

nht the Carver (Vampire Berserker)                  Turns: 3187, Time: 00:06:05

Health: -1/85      AC:  3    Str: 21    XL:     8   Next: 18%
Magic:  8/8        EV: 13    Int: 10    God:    Trog [***...]
Gold:   216        SH:  0    Dex: 15    Spells: 7/7 levels left

rFire    . . .     SeeInvis +   a - +1 falchion
rCold    . . .     Gourm    .   i - +0 robe {rN+}
rNeg     + . .     Faith    .   (no shield)
rPois    .         Spirit   .   (no helmet)
rElec    .         Reflect  .   (no cloak)
rCorr    .         Harm     .   m - +0 pair of gloves (curse)
MR       .....                  (no boots)
Stlth    ..........             (no amulet)
Regen    0.5/turn               (no ring)
MPRegen  0.2/turn               n - ring of stealth

@: berserking (expiring), regenerating quickly, very quick
A: fangs 3, see invisible, unbreathing
a: Berserk, Trog's Hand, Burn Spellbooks, Renounce Religion


You were on level 5 of the Dungeon.
You worshipped Trog.
Trog was most pleased with you.
You were full.

You visited 1 branch of the dungeon, and saw 6 of its levels.

You collected 216 gold pieces.

Inventory:

Hand Weapons
 a - a +1 falchion (weapon)
 o - a +0 blowgun
Missiles
 d - 2 throwing nets (quivered)
 p - 24 poisoned needles
Armour
 i - a +0 robe of positive energy (worn)
 m - a cursed +0 pair of gloves (worn)
Jewellery
 n - a ring of stealth (left hand)
Wands
 j - a wand of digging (13/24)
Scrolls
 h - a scroll of magic mapping
 k - a scroll of fog
 q - a scroll of enchant weapon
Potions
 b - a potion of ambrosia
 c - 9 potions of blood
 e - a potion of might {unknown}
 f - 2 potions of curing {unknown}
 g - a potion of flight
 l - 2 potions of mutation


   Skills:
 - Level 2.6 Fighting
 + Level 10.2 Long Blades
 - Level 1.5 Armour
 - Level 2.1 Dodging


You had 7 spell levels left.
You didn't know any spells.

Dungeon Overview and Level Annotations

Branches:
Dungeon (6/15)
 Temple: D:4-7

Altars:
Cheibriados


Innate Abilities, Weirdness & Mutations

Your natural rate of healing is unusually fast.
You have razor-sharp teeth.
You have supernaturally acute eyesight. (SInv)
You can survive without breathing.


Message History

The gnoll barely misses you.
You barely miss the gnoll.
The gnoll is moderately wounded.
You closely miss the gnoll.
The gnoll is moderately wounded.
The gnoll sergeant hits you from afar with a trident of freezing.
* * * LOW HITPOINT WARNING * * *
The gnoll sergeant freezes you.
* * * LOW HITPOINT WARNING * * *
The gnoll hits you.
* * * LOW HITPOINT WARNING * * *
You slash the gnoll!
You kill the gnoll!
Trog accepts your kill.
A gnoll comes into view.
The gnoll shouts!
The gnoll sergeant hits you with a trident of freezing.
* * * LOW HITPOINT WARNING * * *
The gnoll sergeant freezes you.
You die... ██ ███ .. ..█ █. █.█ ██. █.█ █████

.. █.███... . █g
█.██..██████
....██.██████.█.........
......g@).........████..
...<██.████████...███..>
. █. █████...██..██ █.
█............< █.
█.████.███.█(. █. █.█
█.█.. .. █.█ █.█.. █.
█.█ █.█.. █.███.█..


You could see a gnoll sergeant and a gnoll.

Vanquished Creatures
  The ghost of Shenda the Poker, a novice DsGl (D:5)
  A sky beast (D:4)
  2 ogres
  A crimson imp (D:5)
  An orc priest (D:4)
  2 centaur skeletons
  3 hounds
  3 jellies (D:5)
  An orc wizard (D:4)
  A worker ant (D:5)
  8 gnolls
  10 adders
  A shadow imp (D:5)
  An ooze (D:4)
  An adder skeleton (D:4)
  A dart slug (D:2)
  7 leopard geckos
  An orc (D:4)
  3 ball pythons
  5 bats
  3 giant cockroaches
  8 goblins
  5 hobgoblins
  7 jackals
  2 kobolds
  2 quokkas (D:3)
  11 frilled lizards
  A jackal skeleton (D:4)
  5 rats
98 creatures vanquished.

Vanquished Creatures (others)
  A plant (D:1)
1 creature vanquished.

Grand Total: 99 creatures vanquished

Notes
Turn   | Place    | Note
-------+----------+-------------------------------------------
     0 | D:1      | nht the Vampire Berserker began the quest for the Orb.
     0 | D:1      | Reached XP level 1. HP: 17/17 MP: 1/1
    98 | D:1      | Reached XP level 2. HP: 9/23 MP: 2/2
   455 | D:1      | Reached skill level 4 in Long Blades
   558 | D:1      | Reached XP level 3. HP: 24/28 MP: 3/3
   578 | D:1      | Reached ** piety under Trog
  1206 | D:3      | Reached skill level 5 in Long Blades
  1206 | D:3      | Reached XP level 4. HP: 34/34 MP: 4/4
  1255 | D:3      | Found a snail-covered altar of Cheibriados.
  1616 | D:3      | HP: 1/34 [gnoll/halberd (15)]
  1630 | D:3      | Reached XP level 5. HP: 39/39 MP: 5/5
  1875 | D:4      | Reached skill level 6 in Long Blades
  1876 | D:4      | Noticed a sky beast
  1890 | D:4      | Killed a sky beast
  1890 | D:4      | Reached *** piety under Trog
  1922 | D:4      | Reached XP level 6. HP: 8/46 MP: 6/6
  2135 | D:4      | Reached skill level 7 in Long Blades
  2510 | D:4      | Reached skill level 8 in Long Blades
  2542 | D:4      | Reached XP level 7. HP: 39/51 MP: 7/7
  2715 | D:5      | Entered Level 5 of the Dungeon
  2925 | D:5      | Noticed Shenda's ghost (novice DsGl)
  2943 | D:5      | Killed Shenda's ghost
  2943 | D:5      | Reached skill level 9 in Long Blades
  3057 | D:5      | Reached skill level 10 in Long Blades
  3057 | D:5      | Reached XP level 8. HP: 51/57 MP: 8/8
  3187 | D:5      | HP: 1/85 [gnoll sergeant/trident of freezing (6)]
  3187 | D:5      | Slain by a gnoll sergeant

Vault maps used:
D:1:      lemuel_arrival_river_ford, minmay_lizard_king
D:3:      cheibriados_altar_1
D:4:      first_bread
D:6:      trog_eyes_of_draining, kennysheep_mini_moat,
          minmay_temple_entry_enclosed_plants

Skill      XL: |  1  2  3  4  5  6  7 |
---------------+----------------------+-----
Long Blades    | 4 5 6 8 10 | 10.2
Fighting       | |  2.6
Armour         | |  1.5
Dodging        | |  2.1

Action                   |  1- 3 |  4- 6 |  7- 9 || total
-------------------------+-------+-------+-------++-------
Melee: Falchion          |   108 |   118 |    61 ||   287
       Bite              |     5 |    18 |    10 ||    33
Invok: Berserk           |     1 |     7 |     5 ||    13
       Burn Spellbooks   |       |     1 |       ||     1
  Use: Potion            |    11 |    10 |     4 ||    25
       Scroll            |       |    12 |       ||    12
 Stab: Sleeping          |       |     3 |       ||     3
  Eat: Corpse            |     2 |     7 |     2 ||    11
Armor: Animal skin       |    20 |    12 |       ||    32
       Skin              |     5 |       |       ||     5
       Robe              |       |     2 |     4 ||     6
Dodge: Dodged            |    77 |    78 |    28 ||   183
       Rpst.: Falchion   |    18 |    26 |    10 ||    54
